 Dungeon Crawl Stone Soup version 0.29-a0-416-g83a48905f1 (webtiles) character file.

Game seed: 18099164305272850186

1782 trckry the Reanimator (level 8, 0/52 HPs)
             Began as a Mummy Necromancer on May 17, 2022.
             Was an Initiate of Gozag.
             Slain by a wight
             ... wielding a +1 long sword of electrocution
              (7 damage)
             ... on level 7 of the Dungeon.
             The game lasted 00:19:50 (7286 turns).

trckry the Reanimator (Mummy Necromancer)           Turns: 7286, Time: 00:19:51

Health: 0/52       AC:  5    Str: 12    XL:     8   Next: 81%
Magic:  7/12       EV: 12    Int: 23    God:    Gozag
Gold:   659        SH:  0    Dex: 12    Spells: 0/12 levels left

rFire   x . .      SeeInvis .   a - +2 spear (venom)
rCold   + . .      Faith    .   (no shield)
rNeg    + + +      Spirit   .   r - +0 robe "Tusk" {Int+7}
rPois   ∞          Reflect  .   t - +0 helmet
rElec   .          Harm     .   c - +0 cloak
rCorr   .          Rampage  .   (no gloves)
Will    +....                   d - +0 pair of boots
Stlth   ++........              (no amulet)
HPRegen 0.17/turn               u - ring of flight
MPRegen 0.13/turn               (no ring)

@: gold aura, flying
A: cold resistance 1, negative energy resistance 3, torment resistance 2, heat
vulnerability 1, in touch with death 1, no potions
a: Renounce Religion, Potion Petition, Call Merchant, Bribe Branch


You were on level 7 of the Dungeon.
You worshipped Gozag.
Gozag was pleased with you.
You visited 2 branches of the dungeon, and saw 8 of its levels.

You collected 763 gold pieces.
You paid 104 gold pieces to Gozag.

Inventory:

Hand Weapons
 a - a +2 spear of venom (weapon)
 b - a +0 rapier
 p - a +0 hand crossbow
 v - a +0 short sword of venom
Missiles
 g - 5 poisoned darts
Armour
 c - a +0 cloak (worn)
 d - a +0 pair of boots (worn)
 r - the +0 robe "Tusk" (worn) {Int+7}
   (You found it on level 4 of the Dungeon)

   Int:       It affects your intelligence (+7).
 t - a +0 helmet (worn)
Jewellery
 u - a ring of flight (left hand)
Wands
 j - a wand of flame (15)
 l - a wand of iceblast (6)
 w - a wand of mindburst (15)
Scrolls
 e - a scroll of vulnerability {unknown}
 f - a scroll of torment {unknown}
 h - a scroll of magic mapping {unknown}
 i - a scroll of amnesia {unknown}
 k - 2 scrolls of enchant armour {unknown}
 m - 4 scrolls of noise {unknown}
 n - a scroll of fog {unknown}
 o - a scroll of identify {unknown}
 q - a scroll of enchant weapon {unknown}
 s - a scroll of silence {unknown}
 x - 3 scrolls of teleportation {unknown}


   Skills:
 - Level 1.5 Dodging
 - Level 1.5 Stealth
 - Level 2.6 Spellcasting
 + Level 5.8 Hexes
 * Level 10.2 Necromancy


You couldn't memorise any spells.
You knew the following spells:

 Your Spells              Type           Power      Damage    Failure   Level
a - Pain                  Necr           100%       1d9       1%          1
b - Vampiric Draining     Necr           66%        2d10      1%          3
c - Confusing Touch       Hex            29%        N/A       3%          3
d - Agony                 Necr           66%        N/A       4%          5

Your spell library contained the following spells:

 Spells                   Type           Power      Damage    Failure   Level
 Animate Skeleton         Necr           100%       N/A       1%          1
 Slow                     Hex            100%       N/A       1%          1
 Animate Dead             Necr           33%        N/A       1%          4
 Gell's Gravitas          Tloc           3%         N/A       34%         3
 Lesser Beckoning         Tloc           3%         N/A       34%         3
 Teleport Other           Tloc           3%         N/A       34%         3
 Summon Mana Viper        Hex/Summ       16%        N/A       71%         5
 Summon Forest            Summ/Tloc      1%         N/A       97%         5
 Summon Cactus Giant      Summ           1%         N/A       100%        6


Dungeon Overview and Level Annotations

Branches:
Dungeon (7/15)             Temple (1/1) D:4

Altars:
Ashenzari
Cheibriados
Dithmenos
Elyvilon
Gozag
Hepliaklqana
Kikubaaqudgha
Makhleb
Nemelex Xobeh
Okawaru
Qazlal
Ru
Sif Muna
Trog
Uskayaw
Vehumet
Wu Jian
Xom
Yredelemnul
Zin
The Shining One

Annotations:
D:2 1 runed translucent door, Crazy Yiuf, Natasha


Innate Abilities, Weirdness & Mutations

You are immune to poison.
Your flesh is cold resistant. (rC+)
You are immune to negative energy. (rN+++)
You are immune to unholy pain and torment.
You are vulnerable to heat. (rF-)
You are in touch with the powers of death.
You do not drink.


Message History

The gnoll hits you from afar with a +0 spear.
* * * LOW HITPOINT WARNING * * *
You take 5 damage, and have 9/52 hp.
Reach: a) +2 spear (venom)
Press: ? - help, Dir - move target, f - gnoll
Aim: a gnoll, wielding a +0 spear (about 35% to evade your +2 spear of venom)
You reach to attack!
You puncture the gnoll!
The gnoll is poisoned.
The gnoll is heavily wounded.
The gnoll hits you from afar with a +0 spear.
* * * LOW HITPOINT WARNING * * *
The wight is distracted by your dazzling golden aura. x2
You take 3 damage, and have 6/52 hp.
Reach: a) +2 spear (venom)
Press: ? - help, Dir - move target, f/p - gnoll
Aim: a gnoll, wielding a +0 spear (severely wounded, very poisoned, about 35% to evade your +2 spear of venom)
You reach to attack!
You hit the gnoll.
The gnoll is almost dead.
The wight is no longer distracted by gold. x2
The gnoll barely misses you.
The gnoll is distracted by your dazzling golden aura.
Reach: a) +2 spear (venom)
Press: ? - help, Dir - move target, f/p - gnoll
Aim: a gnoll, wielding a +0 spear (almost dead, very poisoned, about 35% to evade your +2 spear of venom)
You reach to attack!
The gnoll shouts!
You hit the gnoll.
You kill the gnoll!
The wight hits itself with a +1 long sword of electrocution!
Reach: a) +2 spear (venom)
Press: ? - help, Dir - move target, f - gnoll
Aim: a gnoll, wielding a +0 flail (almost dead, about 35% to evade your +2 spear of venom)
You reach to attack!
You hit the gnoll but do no damage.
The gnoll is no longer distracted by gold.
The gnoll is almost dead.
You hit the gnoll.
You kill the gnoll!
The wight seems less confused.
The wight hits you with a +1 long sword of electrocution!
You die...
Your body crumbles into a pile of gold.

#.# ##.######## #.#
..[.......# #.#
#..###.#.# #.# ##..#
#.#.#############.# ...#
#.#...............#
#.###.################# #
##....$############
...##.#$......$@z.z..z...
..........###########.##.
.#...###..# ... #..# .
..... ....... .###..###
#. #..# . #..#


You could see 3 wights.

Vanquished Creatures
  A troll (D:6)
  Sigmund (D:6)
  2 water moccasins
  An orc warrior (D:6)
  An ogre (D:6)
  A phantom (D:5)
  A gnoll sergeant (D:5)
  A necrophage (D:4)
  5 scorpions
  3 jellies
  A hound (D:4)
  A gnoll shaman (D:7)
  An iguana (D:7)
  3 orc wizards
  Natasha (D:2)
  11 gnolls
  5 adders
  A shadow imp (D:7)
  A white imp (D:7)
  An ufetubus (D:4)
  2 worms
  10 orcs
  2 bats
  4 endoplasms
  7 giant cockroaches
  5 goblins
  9 hobgoblins
  12 kobolds
  4 quokkas
  6 ball pythons
  4 frilled lizards
  9 rats
117 creatures vanquished.

Vanquished Creatures (others)
  An orc wizard (D:5)
  2 fungi (D:3)
  5 toadstools (D:3)
8 creatures vanquished.

Grand Total: 125 creatures vanquished

Notes
Turn   | Place    | Note
-------+----------+-------------------------------------------
     0 | D:1      | trckry the Mummy Necromancer began the quest for the Orb.
     0 | D:1      | Reached XP level 1. HP: 13/13 MP: 4/4
   326 | D:1      | Reached XP level 2. HP: 19/19 MP: 2/5
  1049 | D:1      | Reached skill level 1 in Hexes
  1402 | D:2      | Gained mutation: You are in touch with the powers of death.
                  | [Mummy growth]
  1402 | D:2      | Reached XP level 3. HP: 24/24 MP: 0/7
  1658 | D:2      | Found a shimmering blue altar of Sif Muna.
  1664 | D:2      | Noticed Natasha
  1671 | D:2      | Learned a level 3 spell: Vampiric Draining
  1679 | D:2      | Killed Natasha
  1680 | D:2      | Reached skill level 5 in Necromancy
  1874 | D:2      | Reached XP level 4. HP: 30/30 MP: 8/8
  2215 | D:2      | Found a runed translucent door.
  2216 | D:2      | Noticed Crazy Yiuf
  2270 | D:2      | Noticed Natasha
  2814 | D:4      | Reached XP level 5. HP: 21/35 MP: 6/9
  2946 | D:4      | Reached skill level 6 in Necromancy
  3055 | D:4      | Identified the +0 robe "Tusk" {Int+7}
  3105 | D:4      | Found a staircase to the Ecumenical Temple.
  3340 | Temple   | Entered the Ecumenical Temple
  3378 | Temple   | Became a worshipper of Gozag Ym Sagoz the Greedy
  3700 | D:4      | Reached XP level 6. HP: 41/41 MP: 7/10
  4044 | D:4      | Learned a level 3 spell: Confusing Touch
  4364 | D:4      | Reached skill level 7 in Necromancy
  4599 | D:5      | Entered Level 5 of the Dungeon
  4752 | D:5      | Noticed a water moccasin
  4778 | D:5      | Reached XP level 7. HP: 41/46 MP: 11/11
  5178 | D:5      | Reached skill level 8 in Necromancy
  5927 | D:6      | Reached XP level 8. HP: 52/52 MP: 1/12
  6296 | D:6      | Noticed a troll
  6303 | D:6      | Killed a troll
  6304 | D:6      | Reached skill level 5 in Hexes
  6304 | D:6      | Reached skill level 9 in Necromancy
  6727 | D:6      | Noticed Sigmund
  6746 | D:6      | Killed Sigmund
  6918 | D:6      | Learned a level 5 spell: Agony
  6955 | D:7      | Reached skill level 10 in Necromancy
  7281 | D:7      | HP: 6/52 [gnoll/+0 spear[a gnoll shaman] (3)]
  7286 | D:7      | Slain by a wight

Illustrated notes

Levels and vault maps discovered:
D:1:      dpeg_arrival_boxorama, layout_loops_corners
D:2:      minmay_chambers_of_ones, layout_rooms, basic_altar, uniq_natasha,
          uniq_crazy_yiuf_cottage
D:3:      layout_basic, minmay_gold_behind_fungi
D:4:      layout_loops_corners, minmay_temple_entry_grid
D:5:      layout_basic
D:6:      layout_cave_pods, uniq_sigmund
D:7:      layout_loops_ring
Temple:   grunt_wide_crystal_templ

Skill      XL: |  1  2  3  4  5  6  7  8 |
---------------+-------------------------+-----
Hexes          | 1 2 3 4 5 |  5.8
Necromancy     | 5 6 7 8 10 | 10.2
Dodging        | |  1.5
Stealth        | |  1.5
Spellcasting   | |  2.6

Action                   |  1- 3 |  4- 6 |  7- 9 || total
-------------------------+-------+-------+-------++-------
Melee: Rapier            |    10 |    29 |       ||    39
       Spear             |       |   129 |    79 ||   208
       Punch             |       |     1 |       ||     1
 Cast: Pain              |    64 |    11 |    37 ||   112
       Vampiric Draining |       |     7 |    17 ||    24
       Confusing Touch   |       |     2 |     9 ||    11
 Stab: Sleeping          |       |     7 |     1 ||     8
       Confused          |       |     3 |     7 ||    10
Armor: Robe              |     4 |    27 |    21 ||    52
Dodge: Dodged            |    11 |    73 |    38 ||   122

Table legend: (Time is in decaauts)
 A = Elapsed time spent in this place.
 B = Non-inter-level travel time spent in this place.
 C = Inter-level travel time spent in this place.
 D = Time resting spent in this place.
 E = Time spent auto-exploring this place.
 F = Levels seen in this place.
 G = Mean time per level.
                   A        B        C        D        E       F      G
               +--------+--------+--------+--------+--------+-----+--------+
         Total |   7309 |   7176 |    133 |     55 |   5863 |   8 |  913.6 |
       Dungeon |   7240 |   7122 |    118 |     55 |   5834 |   7 | 1034.3 |
        Temple |     69 |     54 |     15 |      0 |     29 |   1 |   69.0 |
               +--------+--------+--------+--------+--------+-----+--------+

Top non-repeatable levels by time:
     D:4: 1751 daAuts
     D:5: 1285 daAuts
     D:1: 1229 daAuts
     D:2: 1107 daAuts
     D:6: 1057 daAuts
     D:3: 454 daAuts
     D:7: 352 daAuts
  Temple: 69 daAuts
